 Dungeon Crawl Stone Soup version 0.26.0-16-gc1dbca0489 (webtiles) character file.

Game seed: 981977647014273086

65 Froggeryz the Sneak (level 4, -8/38 HPs)
             Began as a Ghoul Delver on Jan 18, 2021.
             Mangled by a phantom (11 damage)
             ... on level 4 of the Dungeon.
             The game lasted 00:00:44 (155 turns).

Froggeryz the Sneak (Ghoul Delver)                   Turns: 155, Time: 00:00:45

Health: -8/38      AC:  3    Str: 16    XL:     4   Next: 14%
Magic:  3/3        EV: 11    Int:  5    God:
Gold:   0          SH:  0    Dex: 10    Spells: 3/3 levels left

rFire    . . .     SeeInvis .   h - +3 war axe of Fortitude {chaos, rN+ Will+}
rCold    + . .     Faith    .   (no shield)
rNeg     + + +     Spirit   .   a - +0 leather armour
rPois    ∞         Reflect  .   (no helmet)
rElec    .         Harm     .   (no cloak)
rCorr    .         Rampage  .   (no gloves)
Will     +....                  (no boots)
Stlth    +++.......             (no amulet)
HPRegen  0.00/turn              (no ring)
MPRegen  0.08/turn              (no ring)

@: no status effects
A: claws 1, cold resistance 1, negative energy resistance 3, inhibited
regeneration, torment resistance, unbreathing
a: no special abilities


You were on level 4 of the Dungeon.
You visited 1 branch of the dungeon, and saw 2 of its levels.

Inventory:

Hand Weapons
 h - the +3 war axe of Fortitude (weapon) {chaos, rN+ Will+}
   (You found it on level 5 of the Dungeon)

   Each time it hits an enemy it has a different, random effect.
   It protects you from negative energy.
   It affects your willpower, your defense against some magical effects.
Armour
 a - a +0 leather armour (worn)
Wands
 f - a wand of digging (3)
Scrolls
 b - a scroll of fog
 c - a scroll of magic mapping
 d - a scroll of fear
Potions
 e - a potion of haste
 g - a potion of mutation {unknown}


   Skills:
 - Level 3.2 Fighting
 - Level 1.7 Dodging
 - Level 5.4 Stealth
 + Level 4.7 Unarmed Combat


You had 3 spell levels left.
You didn't know any spells.
Your spell library was empty.

Dungeon Overview and Level Annotations

Branches:
Dungeon (5/15)
 Temple: D:4-7

Altars:

Shops:
D:5 :


Innate Abilities, Weirdness & Mutations

You thrive by killing the living.
You are immune to poison.
You have sharp fingernails.
Your flesh is cold resistant. (rC+)
You are immune to negative energy. (rN+++)
You do not regenerate when monsters are visible.
You are immune to unholy pain and torment.
You can survive without breathing.


Message History

The phantom is heavily damaged.
The phantom hits you!
You closely miss the phantom.
The phantom is heavily damaged.
The phantom barely misses you. The phantom hits you!
* * * LOW HITPOINT WARNING * * *
You hit the phantom.
The phantom seems to grow stronger.
The phantom is severely damaged.
The phantom barely misses you.
You closely miss the phantom.
The phantom is severely damaged.
The phantom hits you but does no damage. x2
You hit the phantom but do no damage.
The phantom is severely damaged.
The phantom hits you.
* * * LOW HITPOINT WARNING * * *
You slash the phantom! Your claw misses the phantom.
The phantom is almost destroyed.
The phantom hits you!
You die...

##.. ###.......
##).........
#......!....
#........... ##
#...........
#..####...........
#....@W...........
#######...........
#....>.......
#............
#............
##...........
###.........
##......o.
###......


You could see a phantom (strong).

Vanquished Creatures
  An iguana (D:4)
  A worker ant (D:5)
  An adder (D:4)
  An adder skeleton (D:4)
  A leopard gecko (D:5)
  An orc (D:4)
  A quokka (D:5)
7 creatures vanquished.

Vanquished Creatures (others)
  A plant (D:4)
1 creature vanquished.

Grand Total: 8 creatures vanquished

Notes
Turn   | Place    | Note
-------+----------+-------------------------------------------
     0 | D:5      | Froggeryz the Ghoul Delver began the quest for the Orb.
     0 | D:5      | Reached XP level 1. HP: 19/19 MP: 0/0
    18 | D:5      | Found Hile's Book Emporium.
    27 | D:5      | Got a jewelled war axe
    28 | D:5      | Identified the +3 war axe of Fortitude {chaos, rN+ Will+}
                  | (You found it on level 5 of the Dungeon)
    40 | D:5      | Noticed a worker ant
    51 | D:5      | Killed a worker ant
    52 | D:5      | Reached XP level 2. HP: 22/26 MP: 1/1
    52 | D:5      | Reached XP level 3. HP: 26/31 MP: 2/2
   126 | D:4      | Reached XP level 4. HP: 24/38 MP: 3/3
   132 | D:4      | Noticed a phantom
   155 | D:4      | Mangled by a phantom

Illustrated notes

Levels and vault maps discovered:
D:4:      layout_cave_pods, serial_bayou_lagoon_a, minmay_box_of_dots,
          uniq_pikel
D:5:      layout_rooms, serial_shops, shop_fountains, uniq_blork_the_orc

Skill      XL: |  1  2  3 |
---------------+----------+-----
Unarmed Combat | 3 4 |  4.7
Fighting       | |  3.2
Dodging        | |  1.7
Stealth        | |  5.4

Action                   |  1- 3 |  4- 6 || total
-------------------------+-------+-------++-------
Melee: War axe           |    10 |    14 ||    24
       Unarmed           |     1 |       ||     1
 Stab: Sleeping          |     2 |       ||     2
Armor: Leather armour    |     4 |     4 ||     8
Dodge: Dodged            |     5 |     6 ||    11
